[Event "Titled Tuesday Blitz May 23 Late 2023"]
[White "Wizard_of_Odds"]
[Black "Fuentes Godoy, Lilia Ivonne"]
[BlackFideId "5104130"]
[WhiteElo "2437"]
[BlackElo "2096"]
[Result "1-0"]
[Round "02"]
[TimeControl "180+2"]
[Date "2023.05.23"]
[WhiteClock "0:01:14"]
[BlackClock "0:01:00"]

1. d4 d5 2. c4 e6 3. Nc3 c6 4. cxd5 exd5 5. Bf4 Nf6 6. e3 g6 7. Bd3 Bg7 8. h3 O-O 9. Nf3 Re8 10. Qc2 Nbd7 11. O-O Nh5 12. Bh2 f5 13. Qb3 Qb6 14. Qxb6 axb6 15. a4 Nhf6 16. Ne5 Ne4 17. Nxd7 Bxd7 18. Bc7 Nxf2 19. Kxf2 Bh6 20. Rfe1 Re6 21. Re2 Rae8 22. Rae1 Bf8 23. Bxb6 Bb4 24. Bc5 Bxc5 25. dxc5 1-0


[Site "https://www.chess.com"]

[Event "Titled Tuesday Blitz May 23 Late 2023"]
[White "Marin Masis, Jose Esteban"]
[Black "Rodriguez, Santiago"]
[WhiteFideId "6508146"]
[BlackFideId "3000591"]
[WhiteElo "1838"]
[BlackElo "2249"]
[Result "1-0"]
[Round "02"]
[TimeControl "180+2"]
[Date "2023.05.23"]
[WhiteClock "0:00:08"]
[BlackClock "0:00:41"]

1. e4 g6 2. d4 Bg7 3. Nf3 c6 4. Nc3 d5 5. e5 Bg4 6. h3 Bxf3 7. Qxf3 f6 8. Bf4 Nd7 9. e6 Nf8 10. Qe3 Qc8 11. O-O-O Nxe6 12. Bh2 Nh6 13. Bd3 f5 14. Rhe1 Kf7 15. Be5 Re8 16. Bxg7 f4 17. Qe5 Nxg7 18. Qxf4+ Kg8 19. Qxh6 Qc7 20. Re5 Rf8 21. f3 b5 22. Rde1 e6 23. Ne2 c5 24. Nf4 c4 25. Bxg6 hxg6 26. Nxg6 Rf6 27. Rg5 Re8 28. Qh8+ Kf7 29. Ne5+ Qxe5 30. Qxg7# 1-0


[Site "https://www.chess.com"]

[Event "Titled Tuesday Blitz May 23 Late 2023"]
[White "QuiesPrecatio"]
[Black "Kev4444444444"]
[WhiteElo "2435"]
[BlackElo "2158"]
[Result "1-0"]
[Round "02"]
[TimeControl "180+2"]
[Date "2023.05.23"]
[WhiteClock "0:00:07"]
[BlackClock "0:00:05"]

1. d4 d5 2. c4 c6 3. Nf3 Nf6 4. Nc3 e6 5. e3 Nbd7 6. b3 Bd6 7. Bd3 O-O 8. O-O Qe7 9. Qe2 dxc4 10. bxc4 e5 11. c5 Bc7 12. Bc4 exd4 13. exd4 Qxe2 14. Bxe2 Nd5 15. Nxd5 cxd5 16. Bg5 Nb8 17. Bb5 Nc6 18. h3 Bd7 19. Rab1 Rab8 20. Rfe1 Rfe8 21. Rxe8+ Bxe8 22. Be3 f6 23. Ne1 Bg6 24. Bd3 Bxd3 25. Nxd3 b6 26. Rc1 Na5 27. Bf4 Bxf4 28. Nxf4 Rd8 29. c6 Kf7 30. c7 Rc8 31. Nxd5 Ke6 32. Nb4 Kd6 33. Na6 b5 34. Rc5 Nc6 35. Rxb5 Nxd4 36. Rb8 Kd7 37. Rb7 Nc6 38. Kf1 Ne7 39. Rxa7 Nd5 40. Rb7 Kc6 41. Rb8 Ne7 42. Ke2 Kd7 43. Kd3 g6 44. Kc4 Kc6 45. Rxc8 Nxc8 46. a4 Kb6 47. Nb4 Kxc7 48. Nd5+ Kd6 49. Nxf6 Nb6+ 50. Kb5 Nc8 51. a5 h6 52. a6 Kc7 53. Nd5+ Kd6 54. Nb6 Na7+ 55. Ka5 Kc5 56. Nd7+ Kd6 57. Nf8 g5 58. Kb6 Nc8+ 59. Kb7 Ne7 60. a7 1-0


[Site "https://www.chess.com"]

[Event "Titled Tuesday Blitz May 23 Late 2023"]
[White "Gurevich, Dmitry"]
[Black "ritanovikova"]
[WhiteFideId "2000407"]
[WhiteElo "2506"]
[BlackElo "2153"]
[Result "1-0"]
[Round "02"]
[TimeControl "180+2"]
[Date "2023.05.23"]
[WhiteClock "0:00:10"]
[BlackClock "0:00:00"]

1. d4 e5 2. dxe5 Nc6 3. Nf3 Qe7 4. Bf4 Qb4+ 5. Bd2 Qxb2 6. Nc3 Bb4 7. Rb1 Qa3 8. Rb3 Qa5 9. a3 Bxc3 10. Bxc3 Qa4 11. e3 Nge7 12. Bb5 Qg4 13. O-O O-O 14. h3 Qh5 15. Be2 b6 16. Nd4 Qh6 17. Nb5 d5 18. Nxc7 Be6 19. f4 Rac8 20. Nxe6 fxe6 21. Bb2 Nf5 22. Bg4 Na5 23. Rd3 Nc4 24. Bc1 Qh4 25. Bxf5 Rxf5 26. Qe1 Qe7 27. g4 Rf7 28. Qb4 Qh4 29. Kg2 g5 30. Qe1 Qh6 31. Qg3 Rcf8 32. Rd4 Qg6 33. Rf2 h5 34. gxh5 Qxh5 35. h4 g4 36. e4 Rh7 37. exd5 exd5 38. f5 Rg7 39. f6 Rg6 40. Bg5 b5 41. Rxg4 Kh7 42. e6 Ne5 43. e7 Re8 44. f7 Nxf7 45. Rxf7+ Kh8 46. Bf6+ Rxf6 47. Rxf6 Rxe7 48. Rf8+ Kh7 49. Qd3+ Kh6 50. Qd2+ Kh7 51. Qd3+ Kh6 52. Rh8+ 1-0


[Site "https://www.chess.com"]

[Event "Titled Tuesday Blitz May 23 Late 2023"]
[White "Djordjevic, Dejan N"]
[Black "SergioMoralesG"]
[WhiteFideId "913316"]
[WhiteElo "2261"]
[BlackElo "2429"]
[Result "0-1"]
[Round "02"]
[TimeControl "180+2"]
[Date "2023.05.23"]
[WhiteClock "0:00:00"]
[BlackClock "0:00:03"]

1. e4 c5 2. Nc3 Nc6 3. g3 g6 4. Bg2 Bg7 5. Nge2 e6 6. O-O Nge7 7. h3 d5 8. exd5 exd5 9. d3 h6 10. Re1 O-O 11. Nf4 d4 12. Na4 b6 13. b3 Bb7 14. Nb2 Qc7 15. a4 Nb4 16. Bxb7 Qxb7 17. Bd2 Nbd5 18. Nc4 Rad8 19. Qf3 Rfe8 20. Ne5 Nf5 21. Nc4 Nfe7 22. Re2 Qd7 23. Rae1 Nxf4 24. Bxf4 Nc6 25. Kh2 Nb4 26. Nd6 Rxe2 27. Rxe2 Bf8 28. Ne4 Bg7 29. Bxh6 Qf5 30. Qxf5 gxf5 31. Bxg7 fxe4 32. Bf6 exd3 33. cxd3 Rd6 34. Bg5 Nxd3 35. h4 Nb4 36. h5 d3 37. Rd2 a6 38. Kg2 b5 39. axb5 axb5 40. Be7 Rd5 41. g4 Nc6 42. Bf6 c4 43. bxc4 bxc4 44. f4 Nd4 45. Kf2 Nb3 46. Ra2 Ra5 47. Rb2 Kh7 0-1


[Site "https://www.chess.com"]

[Event "Titled Tuesday Blitz May 23 Late 2023"]
[White "Florianovitz, Derlei Alex"]
[Black "Dudzinski, Pawel"]
[WhiteFideId "2114178"]
[BlackFideId "1117890"]
[WhiteElo "1953"]
[BlackElo "2099"]
[Result "0-1"]
[Round "02"]
[TimeControl "180+2"]
[Date "2023.05.23"]
[WhiteClock "0:01:56"]
[BlackClock "0:01:49"]

1. e4 c6 2. d4 d5 3. exd5 cxd5 4. c4 Nf6 5. Nc3 g6 6. Nf3 Bg7 7. Bf4 O-O 8. c5 Nc6 9. a3 Ne4 10. Rc1 Nxc3 11. Rxc3 Bg4 12. Rd3 Bxf3 13. gxf3 e5 14. dxe5 Nxe5 15. Bxe5 Bxe5 16. Rxd5 Qf6 17. Be2 Bxb2 18. h4 Rad8 19. h5 Rxd5 20. Qxd5 Rd8 21. Qxb7 Bxa3 22. hxg6 Qa1+ 0-1


[Site "https://www.chess.com"]

[Event "Titled Tuesday Blitz May 23 Late 2023"]
[White "Fernandez Siles, Luis"]
[Black "coquitovich"]
[WhiteFideId "2209420"]
[WhiteElo "2195"]
[BlackElo "2133"]
[Result "1-0"]
[Round "02"]
[TimeControl "180+2"]
[Date "2023.05.23"]
[WhiteClock "0:00:28"]
[BlackClock "0:00:27"]

1. d4 c5 2. e4 cxd4 3. Nf3 g6 4. Qxd4 Nf6 5. Nc3 Nc6 6. Qa4 d6 7. e5 dxe5 8. Nxe5 Bg7 9. Bb5 O-O 10. Nxc6 bxc6 11. Bxc6 Rb8 12. O-O Bf5 13. Bf3 Qc7 14. Re1 e5 15. Ne4 Rfc8 16. c3 Nxe4 17. Bxe4 Be6 18. h4 f5 19. Bc2 e4 20. Bb3 Bc4 21. Bxc4+ Qxc4 22. Qxc4+ Rxc4 23. Re2 Bf6 24. Bf4 Rd8 25. g3 Rd3 26. Kg2 Rc6 27. Rc1 Ra6 28. a3 Rc6 29. Rcc2 Rc8 30. Bc1 Rcd8 31. c4 R8d4 32. c5 Rd7 33. b4 a6 34. a4 Bg5 35. hxg5 Rb7 36. c6 Rc7 37. b5 axb5 38. axb5 Rb3 39. Rb2 Rc3 40. Rec2 1-0


[Site "https://www.chess.com"]

[Event "Titled Tuesday Blitz May 23 Late 2023"]
[White "Arencibia Monduy, Antonio"]
[Black "Winkels, Marcel"]
[WhiteFideId "3507939"]
[BlackFideId "1003887"]
[WhiteElo "2419"]
[BlackElo "1900"]
[Result "1-0"]
[Round "02"]
[TimeControl "180+2"]
[Date "2023.05.23"]
[WhiteClock "0:00:12"]
[BlackClock "0:00:03"]

1. e4 c5 2. Nf3 d6 3. d4 cxd4 4. Nxd4 Nf6 5. Nc3 a6 6. h3 e5 7. Nde2 h5 8. Be3 b5 9. Ng3 Bb7 10. Qd3 Be7 11. Nf5 O-O 12. a3 Nbd7 13. Bg5 d5 14. exd5 e4 15. Qg3 g6 16. d6 Bxd6 17. Nxd6 Qb6 18. Nxb7 Qxb7 19. Be2 Rfe8 20. O-O a5 21. Bxb5 Rab8 22. Bxf6 1-0


[Site "https://www.chess.com"]

[Event "Titled Tuesday Blitz May 23 Late 2023"]
[White "Grossboss19"]
[Black "Torres Dominguez, David"]
[BlackFideId "2220857"]
[WhiteElo "2417"]
[BlackElo "1999"]
[Result "0-1"]
[Round "02"]
[TimeControl "180+2"]
[Date "2023.05.23"]
[WhiteClock "0:00:00"]
[BlackClock "0:02:08"]

1. c4 e5 2. Nc3 Nc6 3. a3 a5 4. g3 f5 5. Bg2 Nf6 6. e3 Bc5 7. Nge2 Bb6 8. O-O d6 9. d4 O-O 10. Rb1 Qe8 11. b4 axb4 12. axb4 f4 13. c5 Ba7 14. exf4 e4 15. Be3 Qh5 16. b5 Bh3 0-1


[Site "https://www.chess.com"]

[Event "Titled Tuesday Blitz May 23 Late 2023"]
[White "Osiecki, Stanislaw"]
[Black "Mikhalsky, Vladimir"]
[WhiteFideId "1102990"]
[BlackFideId "14144352"]
[WhiteElo "2088"]
[BlackElo "2236"]
[Result "0-1"]
[Round "02"]
[TimeControl "180+2"]
[Date "2023.05.23"]
[WhiteClock "0:00:00"]
[BlackClock "0:00:25"]

1. e4 g6 2. d4 Bg7 3. Bc4 e6 4. d5 Ne7 5. Bg5 h6 6. Bxe7 Qxe7 7. Nc3 a6 8. Bb3 O-O 9. Nge2 b5 10. a3 c5 11. d6 Qg5 12. O-O Bb7 13. f4 Qh4 14. g3 Qh3 15. Rf2 b4 16. axb4 cxb4 17. Na2 a5 18. e5 h5 19. Qf1 Qg4 20. h3 Qf5 21. Kh2 Nc6 22. Bc4 Qxc2 23. b3 a4 24. Nd4 Nxd4 25. Rxc2 Nxc2 26. bxa4 Nxa1 27. Qxa1 Rxa4 28. Qb2 Bc6 29. Bb3 Ra5 30. Nxb4 Rc8 31. Nxc6 Rxc6 32. g4 hxg4 33. hxg4 g5 34. Qd2 Ra3 35. Qb2 Ra5 36. Qd2 Rac5 37. fxg5 Bxe5+ 38. Kg2 Rxd6 39. Qe3 Bd4 40. Qe4 Rxg5 0-1


[Site "https://www.chess.com"]

[Event "Titled Tuesday Blitz May 23 Late 2023"]
[White "Essa, Naseem Ahmed"]
[Black "Mazurkiewicz, Michal"]
[WhiteFideId "14316560"]
[BlackFideId "1124943"]
[WhiteElo "1883"]
[BlackElo "2054"]
[Result "0-1"]
[Round "02"]
[TimeControl "180+2"]
[Date "2023.05.23"]
[WhiteClock "0:00:00"]
[BlackClock "0:01:09"]

1. d4 Nf6 2. c4 e5 3. dxe5 Ng4 4. Nf3 Bc5 5. e3 Nc6 6. Be2 O-O 7. O-O Re8 8. a3 a5 9. b3 Ncxe5 10. Bb2 Ra6 11. Nxe5 Nxe5 12. Nd2 Rh6 13. g3 d6 14. b4 axb4 15. axb4 Bxb4 16. Ra8 Qe7 17. Nf3 Bh3 18. Qa4 Rxa8 19. Qxa8+ Qf8 20. Qxf8+ Kxf8 21. Ra1 Nc6 22. Ra8+ Ke7 23. Bxg7 Re6 24. Ng5 Rg6 25. Nxh3 Rxg7 26. Nf4 Bc5 27. Bf3 Ne5 28. Bxb7 c6 29. Rc8 Kd7 30. Rf8 Kc7 31. Bc8 d5 0-1


[Site "https://www.chess.com"]

[Event "Titled Tuesday Blitz May 23 Late 2023"]
[White "Blackwhite017"]
[Black "Kirillov, Dmitry"]
[BlackFideId "34180572"]
[WhiteElo "2099"]
[BlackElo "2161"]
[Result "0-1"]
[Round "02"]
[TimeControl "180+2"]
[Date "2023.05.23"]
[WhiteClock "0:01:17"]
[BlackClock "0:02:00"]

1. e4 c6 2. Nf3 d5 3. exd5 cxd5 4. Ne5 Nc6 5. d4 Nf6 6. c3 e6 7. Bd3 Bd6 8. f4 Qb6 9. Qe2 O-O 10. O-O Bd7 11. Kh1 Rae8 12. Nd2 Qc7 13. Ndf3 Ne7 14. Bd2 Bc6 15. g4 Ne4 16. Bxe4 dxe4 17. Ng5 e3+ 18. Nxc6 Qxc6+ 0-1


[Site "https://www.chess.com"]

[Event "Titled Tuesday Blitz May 23 Late 2023"]
[White "Sailer, Mike"]
[Black "nicolasulaneobelassi"]
[WhiteFideId "2012901"]
[WhiteElo "2109"]
[BlackElo "2411"]
[Result "0-1"]
[Round "02"]
[TimeControl "180+2"]
[Date "2023.05.23"]
[WhiteClock "0:00:04"]
[BlackClock "0:00:06"]

1. d4 Nf6 2. Bg5 e6 3. Nd2 c5 4. c3 d5 5. e3 Nc6 6. Bd3 h6 7. Bh4 e5 8. dxe5 Nxe5 9. Bb5+ Bd7 10. Bxd7+ Nexd7 11. Ngf3 Bd6 12. O-O O-O 13. c4 Qc7 14. cxd5 Rfe8 15. Nc4 b5 16. Nxd6 Qxd6 17. Bg3 Qxd5 18. Qxd5 Nxd5 19. Rfd1 N7f6 20. Rac1 Rac8 21. b3 Nb4 22. a3 Nbd5 23. Bd6 c4 24. bxc4 Rxc4 25. Rxc4 bxc4 26. Nd4 Nc3 27. Re1 Nfe4 28. Bb4 Nd5 29. f3 Nxb4 30. axb4 Nd6 31. Kf2 Rb8 32. Rb1 Kf8 33. Ke2 Ke8 34. Kd2 Kd7 35. Kc3 g6 36. e4 a5 37. b5 f6 38. b6 Rb7 39. Rb2 a4 40. Ra2 Rxb6 41. Rxa4 Rb1 42. Ra7+ Kc8 43. Ra6 Kc7 44. Ra7+ Kb6 45. Ra2 Rc1+ 46. Kd2 Rg1 47. Kc3 Kc5 48. Ra5+ Kb6 49. Ra2 Rc1+ 50. Kd2 Rf1 51. Kc3 Nb5+ 52. Nxb5 Kxb5 53. Rb2+ Kc5 54. Rc2 Ra1 55. Kb2 Ra4 56. Kc3 Ra3+ 57. Kb2 Rb3+ 58. Kc1 Kd4 59. Rd2+ Kc3 60. Rd6 Ra3 61. Kb1 Rb3+ 62. Kc1 Rb2 63. Rxf6 Rxg2 64. e5 Rg1# 0-1


[Site "https://www.chess.com"]

[Event "Titled Tuesday Blitz May 23 Late 2023"]
[White "Hartikainen, Jarmo"]
[Black "Zaitsev, Alexander"]
[WhiteFideId "503134"]
[BlackFideId "4164490"]
[WhiteElo "2075"]
[BlackElo "2373"]
[Result "0-1"]
[Round "02"]
[TimeControl "180+2"]
[Date "2023.05.23"]
[WhiteClock "0:00:00"]
[BlackClock "0:00:02"]

1. e4 c5 2. c3 d5 3. exd5 Qxd5 4. d4 Nc6 5. Nf3 Bf5 6. Be3 Nf6 7. Nbd2 cxd4 8. Bc4 Qd7 9. cxd4 e6 10. O-O Bd6 11. Rc1 O-O 12. Bb5 Rac8 13. Qa4 a6 14. Bxc6 Rxc6 15. Rxc6 Qxc6 16. Qxc6 bxc6 17. Rc1 Rc8 18. Nc4 Be7 19. Nfd2 Nd7 20. f3 c5 21. Ne5 Nxe5 22. dxe5 Bd3 23. b3 f6 24. f4 fxe5 25. fxe5 a5 26. g3 a4 27. h4 axb3 28. axb3 h5 29. Kf2 Rf8+ 30. Ke1 Rd8 31. Nf3 Be4 32. Nd2 Bd5 33. Nc4 Rb8 34. Nd2 Rf8 35. Bxc5 Rc8 36. b4 Bd8 37. Ke2 g5 38. Ke3 gxh4 39. gxh4 Bxh4 40. Rg1+ Kf7 41. Ne4 Bxe4 42. Kxe4 Rg8 43. Rxg8 Kxg8 44. Bg1 Bd8 45. b5 Kf7 46. b6 Kg6 47. Kf4 Kh6 48. Bf2 Kg6 0-1


[Site "https://www.chess.com"]

[Event "Titled Tuesday Blitz May 23 Late 2023"]
[White "Szyszylo, Rafal"]
[Black "Stead, Kerry"]
[WhiteFideId "1109626"]
[BlackFideId "3202577"]
[WhiteElo "1951"]
[BlackElo "1997"]
[Result "1-0"]
[Round "02"]
[TimeControl "180+2"]
[Date "2023.05.23"]
[WhiteClock "0:01:30"]
[BlackClock "0:00:00"]

1. e4 c6 2. d4 d5 3. e5 Bf5 4. h4 h5 5. Bg5 Qb6 6. Bd3 Bxd3 7. Qxd3 Qxb2 8. e6 Nf6 9. Nf3 Qxa1 10. Qb3 b6 11. O-O fxe6 12. Nbd2 Qxf1+ 13. Kxf1 Nbd7 14. Qe3 Ng4 15. Qxe6 Rc8 16. c4 Ndf6 17. Qxc8+ Kf7 18. Qxc6 g6 19. Ne5+ Nxe5 20. dxe5 Nh7 21. Qxd5+ Kg7 22. Ne4 Nxg5 23. Nxg5 a5 24. Qf7+ Kh6 25. Ne6 1-0


[Site "https://www.chess.com"]

[Event "Titled Tuesday Blitz May 23 Late 2023"]
[White "dorpato"]
[Black "Gatterer, Florian"]
[BlackFideId "811688"]
[WhiteElo "2046"]
[BlackElo "2221"]
[Result "0-1"]
[Round "02"]
[TimeControl "180+2"]
[Date "2023.05.23"]
[WhiteClock "0:00:04"]
[BlackClock "0:01:15"]

1. e4 d6 2. Nf3 Nf6 3. Nc3 c5 4. Bc4 g6 5. O-O Bg7 6. d3 O-O 7. h3 a6 8. Be3 b5 9. Bb3 Nc6 10. a3 Bb7 11. Qd2 Rc8 12. Bh6 e6 13. Bxg7 Kxg7 14. Ne2 d5 15. exd5 exd5 16. c3 c4 17. Bc2 Re8 18. Ng3 h6 19. d4 Ne4 20. Nxe4 dxe4 21. Nh2 f5 22. Rfe1 Qg5 23. Qxg5 hxg5 24. Re2 Ne7 25. Rae1 Nd5 26. f3 Nf4 27. Re3 Nd3 28. Bxd3 cxd3 29. fxe4 fxe4 30. Nf1 Bd5 31. Nd2 g4 32. Nxe4 gxh3 33. gxh3 Bxe4 34. Rxe4 d2 35. Rxe8 Rxe8 36. Rd1 Re1+ 0-1


[Site "https://www.chess.com"]

[Event "Titled Tuesday Blitz May 23 Late 2023"]
[White "a-z30"]
[Black "Levitan, Ronit"]
[BlackFideId "2815109"]
[WhiteElo "2404"]
[BlackElo "1930"]
[Result "1-0"]
[Round "02"]
[TimeControl "180+2"]
[Date "2023.05.23"]
[WhiteClock "0:01:06"]
[BlackClock "0:00:05"]

1. d3 d5 2. Nf3 c5 3. g3 Nc6 4. Bg2 e5 5. O-O Nf6 6. c4 d4 7. e3 Bd6 8. exd4 exd4 9. Re1+ Kf8 10. Bg5 h6 11. Bxf6 Qxf6 12. Nbd2 Be7 13. Qe2 Be6 14. Ne5 Nxe5 15. Qxe5 Qxe5 16. Rxe5 g6 17. Bxb7 Rb8 18. Bd5 Bd6 19. Ree1 Bxd5 20. cxd5 Kg7 21. Nc4 Rhd8 22. Kg2 Bf8 23. Re2 Rxd5 24. Rae1 h5 25. Re8 Rdd8 26. Rxd8 Rxd8 27. f4 Kf6 28. Kf3 Bd6 29. h3 a6 30. Re4 Bf8 31. Ke2 a5 32. Kd2 a4 33. Kc2 Rb8 34. Ne5 Rb7 35. Nc4 Be7 36. Re5 Bf8 37. Nd2 Bd6 38. Ne4+ Kg7 39. Nxd6 Rd7 40. Nc4 f6 41. Rxc5 Re7 42. Kd2 Kh6 43. Rd5 g5 44. fxg5+ fxg5 45. Rd6+ Kg7 46. Rxd4 Rf7 47. Ke2 Rc7 48. g4 hxg4 49. hxg4 Kg6 50. Ke3 Rh7 51. Rd6+ Kg7 52. Rd7+ 1-0


[Site "https://www.chess.com"]

[Event "Titled Tuesday Blitz May 23 Late 2023"]
[White "Ottosen, David"]
[Black "KorolDimitriy75"]
[WhiteFideId "2603080"]
[WhiteElo "2017"]
[BlackElo "2403"]
[Result "1-0"]
[Round "02"]
[TimeControl "180+2"]
[Date "2023.05.23"]
[WhiteClock "0:00:50"]
[BlackClock "0:00:00"]

1. e4 c5 2. Nf3 d6 3. d4 cxd4 4. Nxd4 Nf6 5. Nc3 g6 6. Be3 Bg7 7. f3 O-O 8. Bc4 Nc6 9. Qd2 Bd7 10. O-O-O Qa5 11. Kb1 Rfc8 12. Bb3 Ne5 13. h4 b5 14. Nce2 Qxd2 15. Rxd2 Nc4 16. Bxc4 Rxc4 17. c3 a5 18. g4 h5 19. g5 Ne8 20. f4 e5 21. fxe5 dxe5 22. Nf5 Bc6 23. Ne7+ Kf8 24. Nxc6 Rxc6 25. Ng3 Nd6 26. Rd5 Nc4 27. Bc5+ Ke8 28. b3 Rac8 29. bxc4 Rxc5 30. Rxc5 Rxc5 31. cxb5 Rxb5+ 32. Kc2 f6 33. a4 Rc5 34. Rf1 fxg5 35. hxg5 h4 36. Ne2 Rc4 37. Kd3 Rxa4 38. Rh1 Bf8 39. Rxh4 Be7 40. Rh8+ Kf7 41. Rh7+ Ke6 42. Rg7 Bxg5 43. Rxg6+ Bf6 44. Rg8 Be7 45. Ra8 Ra3 46. Ra6+ Kd7 47. Ng3 Bb4 48. Ne2 Bd6 49. Kc4 Ra2 50. Ng3 a4 51. Nf5 Bf8 52. Kd5 Rb2 53. Ra7+ Ke8 54. Rxa4 Rb5+ 55. Ke6 Rb8 56. Kxe5 Rc8 57. c4 Bc5 58. Kd5 1-0


[Site "https://www.chess.com"]

[Event "Titled Tuesday Blitz May 23 Late 2023"]
[White "Dmitriev, Sergey"]
[Black "zsizsi99"]
[WhiteFideId "14101785"]
[WhiteElo "2132"]
[BlackElo "2402"]
[Result "0-1"]
[Round "02"]
[TimeControl "180+2"]
[Date "2023.05.23"]
[WhiteClock "0:01:36"]
[BlackClock "0:01:15"]

1. d4 Nf6 2. Nf3 d5 3. Bf4 c5 4. e3 Nc6 5. c3 Qb6 6. Qb3 c4 7. Qxb6 axb6 8. Nbd2 b5 9. Be2 b4 10. O-O Bd7 11. Ne5 e6 12. Nxd7 Kxd7 13. Nf3 h6 14. Ne5+ Nxe5 15. Bxe5 bxc3 16. bxc3 Ra3 17. Rfc1 Bd6 18. Bxd6 Kxd6 19. Rcb1 Kc6 20. Rc1 Rha8 21. Rc2 Ne4 22. Bf3 Nxc3 23. g3 Rxa2 24. Raxa2 Nxa2 25. e4 b5 26. exd5+ exd5 27. Re2 c3 28. Re5 Rd8 29. Bd1 Nb4 30. Re2 Na6 31. Bc2 b4 32. Re7 Rd7 33. Re8 Rb7 34. Rc8+ Kd6 35. Rd8+ Ke7 36. Ra8 Nc7 37. Rc8 Ne6 38. Bb3 Rc7 39. Rb8 Nxd4 40. Rxb4 Nxb3 41. Rxb3 c2 42. Re3+ Kf8 0-1


[Site "https://www.chess.com"]

[Event "Titled Tuesday Blitz May 23 Late 2023"]
[White "Vaglio Munoz, Jaime"]
[Black "Castillo Pena, Patricia Evarista"]
[WhiteFideId "6500145"]
[BlackFideId "6412106"]
[WhiteElo "2199"]
[BlackElo "1919"]
[Result "1-0"]
[Round "02"]
[TimeControl "180+2"]
[Date "2023.05.23"]
[WhiteClock "0:00:54"]
[BlackClock "0:00:00"]

1. Nf3 d5 2. c4 c6 3. b3 Nf6 4. Bb2 e6 5. g3 Nbd7 6. Bg2 Bd6 7. O-O O-O 8. d3 Qe7 9. Re1 e5 10. cxd5 cxd5 11. e4 d4 12. a3 b6 13. b4 Ba6 14. Qb3 Rac8 15. Nbd2 Rc7 16. Bh3 Rfc8 17. Rec1 Rxc1+ 18. Rxc1 Rxc1+ 19. Bxc1 Nf8 20. Nc4 Bxc4 21. Qxc4 Qc7 22. Nd2 b5 23. Qxc7 Bxc7 24. Nb3 Bb6 25. f4 exf4 26. gxf4 Ne6 27. Kf2 Kf8 28. Kf3 Ke7 29. Bd2 h6 30. Be1 g5 31. Bxe6 Kxe6 32. Bf2 gxf4 33. Bxd4 Nd7 34. Bc3 Ne5+ 35. Bxe5 Kxe5 36. Kg4 h5+ 37. Kf3 f5 38. exf5 Kxf5 39. d4 h4 40. h3 Ke6 41. Ke4 f3 42. Kxf3 Kd5 43. Ke3 Kc4 44. Nc5 1-0


[Site "https://www.chess.com"]

[Event "Titled Tuesday Blitz May 23 Late 2023"]
[White "Bogaudinov, Rushan"]
[Black "Burke, Paul"]
[WhiteFideId "4129288"]
[BlackFideId "2605767"]
[WhiteElo "1941"]
[BlackElo "1892"]
[Result "1-0"]
[Round "02"]
[TimeControl "180+2"]
[Date "2023.05.23"]
[WhiteClock "0:00:16"]
[BlackClock "0:00:00"]

1. d4 a6 2. e4 d6 3. f4 g6 4. Nf3 h6 5. Bd3 Bg7 6. O-O Nd7 7. c4 e6 8. Nc3 Ne7 9. b3 O-O 10. Bb2 f5 11. g3 c5 12. Ne2 cxd4 13. Bxd4 Nf6 14. exf5 Nxf5 15. Bc3 Ne3 16. Qd2 Nxf1 17. Rxf1 Kh7 18. Nh4 e5 19. Bxg6+ Kg8 20. fxe5 dxe5 21. Qxd8 Rxd8 22. Bxe5 Bg4 23. Nd4 Bh3 24. Rxf6 Bxf6 25. Bxf6 Rf8 26. Bf5 Bxf5 27. Nhxf5 Rxf6 28. g4 Re8 29. Kg2 Re1 30. h4 Kh7 31. Kg3 Rg1+ 32. Kf4 Rg2 33. a4 Rg6 34. Ne3 Rf2+ 35. Nf3 Rf6+ 36. Nf5 Rb2 37. g5 hxg5+ 38. hxg5 Rf8 39. Nd4 Rf2+ 40. Ke5 Kg6 41. Nd6 1-0


[Site "https://www.chess.com"]

[Event "Titled Tuesday Blitz May 23 Late 2023"]
[White "Nakamura, Hikaru"]
[Black "Paichadze, Luka"]
[WhiteFideId "2016192"]
[BlackFideId "13602934"]
[WhiteElo "2885"]
[BlackElo "2540"]
[Result "1-0"]
[Round "03"]
[TimeControl "180+2"]
[Date "2023.05.23"]
[WhiteClock "0:00:04"]
[BlackClock "0:00:00"]

1. Nf3 Nf6 2. b3 e6 3. g3 b5 4. Na3 b4 5. Nc4 d5 6. Nce5 Bb7 7. a3 bxa3 8. Bxa3 Bxa3 9. Rxa3 Nbd7 10. Qa1 Nxe5 11. Nxe5 O-O 12. Bg2 a6 13. d4 Rc8 14. Ra5 Qd6 15. Nd3 Nd7 16. O-O Qb6 17. Qc3 Rfe8 18. Rfa1 f6 19. e3 Qd6 20. Qd2 Qb6 21. Nc5 Nxc5 22. dxc5 Qc6 23. c4 Rcd8 24. Rd1 Qd7 25. cxd5 exd5 26. Qc2 c6 27. Ra4 Qe7 28. Rb4 Bc8 29. Rdd4 Qc7 30. Rb6 Re5 31. b4 Rde8 32. Qa4 R5e6 33. Bh3 f5 34. Bxf5 Rf6 35. Bxc8 Qxc8 36. Rxa6 Qf5 37. Qa2 Rxe3 38. Rf4 Re1+ 39. Kg2 Qe6 40. Ra8+ Kf7 41. Ra7+ Kg8 42. Ra8+ Kf7 43. Qd2 Re4 44. Ra7+ Kg8 45. Rxf6 Qxf6 46. b5 cxb5 47. Qxd5+ Qe6 48. Qg5 Qe5 49. Qxe5 Rxe5 50. c6 1-0


[Site "https://www.chess.com"]

[Event "Titled Tuesday Blitz May 23 Late 2023"]
[White "Nihal Sarin"]
[Black "Holt, Conrad"]
[WhiteFideId "25092340"]
[BlackFideId "2034387"]
[WhiteElo "2689"]
[BlackElo "2592"]
[Result "1-0"]
[Round "03"]
[TimeControl "180+2"]
[Date "2023.05.23"]
[WhiteClock "0:00:36"]
[BlackClock "0:00:00"]

1. c4 c6 2. Nf3 d5 3. e3 Nf6 4. Nc3 e6 5. d4 Nbd7 6. Bd2 Bd6 7. c5 Bc7 8. b4 O-O 9. b5 cxb5 10. Nxb5 e5 11. Nxc7 Qxc7 12. Be2 e4 13. Ng5 b6 14. Rc1 bxc5 15. dxc5 Ne5 16. Bc3 h6 17. h4 Re8 18. Nh3 Bb7 19. Nf4 Bc6 20. Bd4 Rab8 21. g4 Nf3+ 22. Bxf3 exf3 23. Qxf3 Ne4 24. O-O Nd2 25. Qg3 Nxf1 26. Rxf1 f6 27. g5 fxg5 28. hxg5 hxg5 29. Qxg5 Re4 30. Nxd5 Qf7 31. Nf6+ Kf8 32. Nxe4 Bxe4 33. f3 Bd3 34. Rf2 Rb1+ 35. Kg2 Qd7 36. c6 Qc7 37. Bc5+ Ke8 38. Qh5+ Qf7 39. Qh8+ 1-0


[Site "https://www.chess.com"]

[Event "Titled Tuesday Blitz May 23 Late 2023"]
[White "Schmakel, Sam"]
[Black "Caruana, Fabiano"]
[WhiteFideId "2039311"]
[BlackFideId "2020009"]
[WhiteElo "2356"]
[BlackElo "2837"]
[Result "0-1"]
[Round "03"]
[TimeControl "180+2"]
[Date "2023.05.23"]
[WhiteClock "0:00:00"]
[BlackClock "0:00:09"]

1. d4 Nf6 2. c4 e6 3. Nf3 d5 4. Nc3 Bb4 5. cxd5 exd5 6. Bf4 Ne4 7. Nd2 Nxc3 8. bxc3 Bxc3 9. Rc1 Ba5 10. e3 O-O 11. Bd3 c6 12. Qh5 f5 13. Rc2 Nd7 14. O-O Nf6 15. Qd1 Bc7 16. Bxc7 Qxc7 17. Nf3 Be6 18. Qb1 Rab8 19. a4 g6 20. Qb4 Kg7 21. Ne5 Ng4 22. Nxg4 fxg4 23. Qc5 a6 24. Rb1 Rf7 25. a5 Rbf8 26. Qb6 Qe7 27. Qb4 Qd8 28. Rcb2 Bc8 29. Qc3 h5 30. g3 h4 31. e4 Qg5 32. exd5 cxd5 33. Re1 Qf6 34. Bf1 Bf5 35. Rb6 Qg5 36. Re5 Qd8 37. Qb3 Be4 38. Rxb7 Qf6 39. Rxf7+ Rxf7 40. Qe3 h3 41. Be2 Rb7 42. Bf1 Rb1 43. Qe2 Qf3 44. Qxf3 gxf3 45. Re7+ Kf6 0-1


[Site "https://www.chess.com"]

[Event "Titled Tuesday Blitz May 23 Late 2023"]
[White "Duda, Jan-Krzysztof"]
[Black "Jaracz, Pawel"]
[WhiteFideId "1170546"]
[BlackFideId "1102222"]
[WhiteElo "2790"]
[BlackElo "2438"]
[Result "1-0"]
[Round "03"]
[TimeControl "180+2"]
[Date "2023.05.23"]
[WhiteClock "0:01:03"]
[BlackClock "0:00:31"]

1. d4 d5 2. c4 c6 3. Nf3 Nf6 4. Nc3 dxc4 5. a4 Bf5 6. Ne5 Nbd7 7. Nxc4 Nb6 8. Ne5 a5 9. f3 Nfd7 10. e4 Nxe5 11. exf5 Ned7 12. Bf4 Nf6 13. Be5 g6 14. g4 Bg7 15. Qb3 O-O 16. fxg6 hxg6 17. h4 Nbd7 18. O-O-O Nxe5 19. dxe5 Nd5 20. Nxd5 cxd5 21. Rxd5 Qc7+ 22. Kb1 e6 23. Rb5 Rfd8 24. f4 Rd2 25. h5 Rc8 26. hxg6 Qc1+ 27. Ka2 Rd1 28. gxf7+ Kf8 29. Qa3+ Kxf7 30. Rxb7+ Kg8 31. Rxg7+ 1-0


[Site "https://www.chess.com"]